 Dungeon Crawl Stone Soup version 0.24.0-37-gcf1ca852f1 (webtiles) character file.

Game seed: 5196440566944830446, levelgen mode: deterministic

22994 Froggeryz the Bludgeoner (level 13, -26/78 HPs)
             Began as a Gargoyle Monk on Dec 4, 2019.
             Was the Champion of Okawaru.
             Killed from afar by a necromancer (37 damage)
             ... with a bolt of fire
             ... on level 4 of the Lair of Beasts.
             The game lasted 00:24:51 (13951 turns).

Froggeryz the Bludgeoner (Gargoyle Monk)           Turns: 13951, Time: 00:24:52

Health: -26/78     AC: 32    Str: 20    XL:     13   Next: 3%
Magic:  22/22      EV: 14    Int: 11    God:    Okawaru [******]
Gold:   939        SH:  0    Dex: 12    Spells: 12/12 levels left

rFire    x . .     SeeInvis .   f - +5 lajatang of the Penguin {flame, rPois rF- rC+}
rCold    + + .     Gourm    .   (shield currently unavailable)
rNeg     + + +     Faith    .   a - +4 chain mail {rC+}
rPois    ∞         Spirit   .   x - +0 helmet
rElec    +         Reflect  .   v - +0 cloak
rCorr    .         Harm     .   T - +0 pair of gloves "Zoeloriki" {rN++}
MR       .....                  y - +1 pair of boots {run}
Stlth    ..........             N - amulet of rage
HPRegen  0.23/turn              r - +5 ring of evasion
MPRegen  0.18/turn              A - ring of magical power

@: studying Ice Magic, quick
A: negative energy resistance 1, electricity resistance, unbreathing,
petrification resistance, rot immunity, AC +9
a: Heroism, Finesse, Renounce Religion, Evoke Berserk Rage


You were on level 4 of the Lair of Beasts.
You worshipped Okawaru.
Okawaru was exalted by your worship.
You were not hungry.

You visited 3 branches of the dungeon, and saw 13 of its levels.
You also visited: Ossuary, Bailey and Ice Cave.

You collected 939 gold pieces.

Inventory:

Hand Weapons
 f - the +5 lajatang of the Penguin (weapon) {flame, rPois rF- rC+}
   (Okawaru gifted it to you in an ice cave)

   It has been specially enchanted to burn those struck by it, causing extra
   injury to most foes and up to half again as much damage against particularly
   susceptible opponents.
   Big, fiery blades are also staple armaments of hydra-hunters.
   It makes you vulnerable to fire.
   It protects you from cold.
   It protects you from poison.
 z - a +2 flail of crushing
 Q - a +3 great mace of holy wrath
Missiles
 b - 56 poisoned darts (quivered)
 J - 2 throwing nets
Armour
 a - a +4 chain mail of cold resistance (worn)
 g - a +0 shield
 v - a +0 cloak (worn)
 x - a +0 helmet (worn)
 y - a +1 pair of boots of running (worn)
 B - a +0 pair of gloves
 T - the +0 pair of gloves "Zoeloriki" (worn) {rN++}
   (You found it in an ice cave)

   It greatly protects you from negative energy.
Magical Staves
 S - an uncursed staff of cold
Jewellery
 r - a +5 ring of evasion (left hand)
 A - a ring of magical power (right hand)
 N - an amulet of rage (around neck)
 U - an uncursed ring of fire {unknown}
 Y - an uncursed ring of magical power
Wands
 k - a wand of polymorph (9)
 n - a wand of flame (21)
 s - a wand of random effects (15)
 E - a wand of disintegration (29)
 O - a wand of enslavement (6)
 P - a wand of iceblast (37)
 V - a wand of digging (2)
Scrolls
 e - 4 scrolls of fear
 j - 6 scrolls of amnesia
 l - 2 scrolls of enchant weapon
 m - a scroll of vulnerability
 o - 6 scrolls of identify
 w - a scroll of fog
 C - 4 scrolls of remove curse
 D - 2 scrolls of enchant armour
 I - 2 scrolls of blinking
 K - a scroll of immolation
 L - 2 scrolls of teleportation
Potions
 d - 6 potions of curing
 h - 4 potions of brilliance {unknown}
 i - 3 potions of cancellation {unknown}
 p - a potion of lignification {unknown}
 q - 2 potions of magic {unknown}
 t - 2 potions of resistance
 u - 2 potions of mutation {unknown}
 G - a potion of agility {unknown}
 H - 3 potions of flight {unknown}
 M - a potion of haste {unknown}
 W - a potion of berserk rage {unknown}
Books
 F - a manual of Ice Magic
 R - a manual of Ice Magic
Comestibles
 c - 12 rations


   Skills:
 * Level 8.3 Fighting
 - Level 16.1 Maces & Flails
 - Level 10.1 Armour
 - Level 2.4 Dodging
 - Level 2.1 Stealth
 + Level 7.6 Shields


You had 12 spell levels left.
You didn't know any spells.
Your spell library contained the following spells:

 Spells                   Type           Power        Failure   Level  Hunger
 Corona                   Hex            #......      94%         1    ##.....
 Freeze                   Ice            #...         94%         1    ##.....
 Shock                    Conj/Air       #...         94%         1    ##.....
 Corpse Rot               Necr           N/A          98%         2    ###....
 Ensorcelled Hibernation  Hex/Ice        #.....       98%         2    ###....
 Swiftness                Chrm/Air       #.......     98%         2    ###....
 Throw Frost              Conj/Ice       #.....       98%         2    ###....
 Confuse                  Hex            #.......     100%        3    ####...
 Dazzling Spray           Conj/Hex       #.....       100%        3    ####...
 Ozocubu's Armour         Chrm/Ice       #.......     100%        3    ####...
 Static Discharge         Conj/Air       #.......     100%        3    ####...
 Tukima's Dance           Hex            #.......     100%        3    ####...
 Airstrike                Air            #.........   100%        4    #####..
 Summon Ice Beast         Ice/Summ       #.......     100%        4    #####..
 Summon Lightning Spire   Summ/Air       #.......     100%        4    #####..
 Throw Icicle             Conj/Ice       #.......     100%        4    #####..
 Agony                    Necr           #.......     100%        5    ######.
 Bolt of Draining         Conj/Necr      #.........   100%        5    ######.
 Dispel Undead            Necr           #.......     100%        5    ######.
 Excruciating Wounds      Chrm/Necr      #.........   100%        5    ######.
 Lightning Bolt           Conj/Air       #.........   100%        5    ######.
 Silence                  Hex/Air        #.........   100%        5    ######.
 Conjure Ball Lightning   Conj/Air       #.........   100%        6    #######
 Deflect Missiles         Chrm/Air       #.........   100%        6    #######
 Tornado                  Air            #.........   100%        9    #######
 Sublimation of Blood     Necr           Unusable     N/A         2    N/A

Dungeon Overview and Level Annotations

Branches:
Dungeon (8/15)             Temple (1/1) D:5            Lair (4/6) D:8
  Swamp (0/4) Lair:3       Spider (0/4) Lair:2      Ossuary (visited)
 Bailey (visited)           IceCv (visited)

Altars:
Ashenzari
Cheibriados
Dithmenos
Elyvilon
Fedhas
Gozag
Hepliaklqana
Kikubaaqudgha
Makhleb
Nemelex Xobeh
Okawaru
Qazlal
Sif Muna
Trog
Vehumet
Wu Jian
Xom
Yredelemnul
Zin

Shops:
D:7 %

Annotations:
Lair:1 exclusion: oklob plant
Lair:3 1 runed translucent door, Deesahac's ghost, journeyman BaFi


Innate Abilities, Weirdness & Mutations

You are resistant to torment.
Your stone body is resilient. (AC +9)
You are immune to poison.
You resist negative energy. (rN+)
You are resistant to electric shocks. (rElec)
You can survive without breathing.
You are immune to petrification.
You are immune to rotting.


Message History

You closely miss something. Something hits you but does no damage.
You miss something. Something hits you but does no damage.
You closely miss something. Something hits you but does no damage.
You miss something. Something hits you but does no damage.
You slice something!! You burn something.
Something hits you but does no damage.
You hit something but do no damage.
You hear some strange, mumbled words.
A bolt of fire appears from out of thin air!
The bolt of fire hits you!!! The fire burns you terribly!
* * * LOW HITPOINT WARNING * * *
You barely miss something. You miss something.
Something hits you but does no damage.
You slash something! You burn something. Something completely misses you.
You closely miss something. Something hits you but does no damage.
You closely miss something.
You hear some strange, mumbled words.
A bolt of fire appears from out of thin air!
The bolt of fire hits you!!! The fire burns you terribly!
You die...

#..P....≈≈≈≈≈≈≈≈.###
....P...≈≈≈≈≈≈≈..#
........≈≈≈≈≈≈≈..#
#......).≈≈≈≈≈...#
..........≈≈≈....#
...........≈..≈≈.###+#
.............≈≈≈.#...#
.........≈....≈..{...#
.........≈≈≈≈...@#
........≈≈≈≈≈≈...#####.≈≈
........##≈≈≈≈≈.......≈≈≈
#......#.≈≈≈≈§≈≈≈....≈≈≈≈
##.....####≈≈≈≈≈≈≈≈≈≈≈≈≈≈
##.÷.## ##≈≈≈≈≈≈≈≈≈≈≈≈≈
#...#### #≈§≈≈≈≈≈≈≈≈≈≈≈
##..#..###≈≈≈≈≈≈≈≈≈≈≈≈≈
#...##...#.≈≈≈≈≈≈≈≈≈≈≈≈


There were no monsters in sight!

Vanquished Creatures
  Harold (D:7)
  3 hydras (Lair:1)
  A catoblepas (Lair:3)
  An unseen horror (D:7)
  A necromancer (IceCv)
  8 elephants
  A black mamba (Lair:3)
  An ice statue (IceCv)
  A torpor snail (Lair:3)
  4 spiny frogs
  3 rime drakes
  10 freezing wraiths (IceCv)
  A komodo dragon (Lair:1)
  2 ice devils (Lair:3)
  A wolf spider simulacrum (IceCv)
  Prince Ribbit (D:6)
  Grinder (D:6)
  4 blink frogs (Lair:4)
  3 hippogriffs
  5 yaks (Lair:3)
  3 wyverns
  Duvessa (D:6)
  6 water moccasins
  An orc warrior (D:7)
  4 slaves (D:7)
  4 porcupines
  3 sky beasts (D:6)
  7 ice beasts
  2 elephant zombies (Lair:4)
  3 ogres
  4 centaurs
  5 crocodiles
  2 necrophages
  4 elf zombies (Ossuary)
  A big kobold (D:7)
  8 bullfrogs
  4 scorpions
  Dowan (D:6)
  11 killer bees
  3 electric eels (Lair:4)
  3 howler monkeys
  4 draconian simulacra (IceCv)
  3 hounds
  2 crimson imps
  A centaur zombie (D:5)
  4 jellies
  3 orc wizards
  A gnoll shaman (D:5)
  2 orc priests (D:7)
  2 bullfrog skeletons
  Terence (D:2)
  An iguana (D:8)
  4 troll simulacra (IceCv)
  7 worker ants
  A spriggan simulacrum (IceCv)
  3 centaur simulacra (IceCv)
  A crocodile zombie (Lair:4)
  A hound zombie (Ossuary)
  4 mummies (Ossuary)
  2 worker ant zombies
  A howler monkey zombie (D:7)
  3 gnolls
  A naga simulacrum (IceCv)
  6 ogre simulacra (IceCv)
  A river rat (D:5)
  5 adders
  A shadow imp (D:5)
  12 white imps (IceCv)
  8 oozes (D:3)
  An adder skeleton (D:5)
  2 adder zombies
  6 worms
  2 dart slugs
  6 leopard geckos
  17 orcs
  A ball python (D:1)
  6 giant cockroaches
  11 goblins
  6 hobgoblins
  2 jackals (D:6)
  21 kobolds
  6 quokkas
  7 bats
  2 frilled lizards (D:2)
  3 gnoll zombies
  A hobgoblin zombie (Ossuary)
  A jackal zombie (Ossuary)
  A kobold zombie (Ossuary)
  A leopard gecko skeleton (D:6)
  3 leopard gecko zombies
  An orc zombie (Ossuary)
  A quokka skeleton (D:6)
  A quokka zombie (D:6)
  14 rats
  A rat zombie (Ossuary)
  A toadstool (D:3)
343 creatures vanquished.

Vanquished Creatures (collateral kills)
  An elephant simulacrum (IceCv)
  A polar bear simulacrum (IceCv)
  A wolf simulacrum (IceCv)
3 creatures vanquished.

Vanquished Creatures (others)
  An orc wizard (D:5)
  A troll simulacrum (IceCv)
  2 fungi
  10 toadstools (D:3)
14 creatures vanquished.

Grand Total: 360 creatures vanquished

Notes
Turn   | Place    | Note
-------+----------+-------------------------------------------
     0 | D:1      | Froggeryz the Gargoyle Monk began the quest for the Orb.
     0 | D:1      | Reached XP level 1. HP: 14/14 MP: 1/1
    70 | D:1      | Reached XP level 2. HP: 16/19 MP: 2/2
   542 | D:2      | Reached skill level 4 in Maces & Flails
   542 | D:2      | Reached skill level 1 in Shields
   542 | D:2      | Reached XP level 3. HP: 19/23 MP: 3/3
   922 | D:2      | Noticed Terence
   942 | D:2      | Killed Terence
   942 | D:2      | Reached XP level 4. HP: 12/28 MP: 4/4
  1401 | D:2      | Found a shimmering blue altar of Sif Muna.
  1624 | D:3      | Reached skill level 5 in Maces & Flails
  1624 | D:3      | Reached XP level 5. HP: 22/32 MP: 5/5
  2538 | D:4      | Noticed a phantom
  2830 | D:4      | Reached XP level 6. HP: 27/37 MP: 6/6
  2866 | D:4      | Reached skill level 6 in Maces & Flails
  3001 | D:4      | Found a radiant altar of Vehumet.
  3001 | D:4      | Found a shattered altar of Ashenzari.
  3007 | D:4      | Found a bloodstained altar of Trog.
  3014 | D:4      | Found a burning altar of Makhleb.
  3015 | D:4      | Found a stormy altar of Qazlal.
  3176 | D:5      | Entered Level 5 of the Dungeon
  3305 | D:5      | Reached XP level 7. HP: 37/41 MP: 7/7
  3321 | D:5      | Reached skill level 7 in Maces & Flails
  3785 | D:4      | Reached skill level 5 in Shields
  3802 | D:4      | Reached XP level 8. HP: 20/46 MP: 8/8
  3995 | D:5      | HP: 1/46 [gnoll/+0 whip (5)]
  4007 | D:4      | Reached skill level 8 in Maces & Flails
  4364 | D:5      | Found a staircase to the Ecumenical Temple.
  4461 | Temple   | Entered the Ecumenical Temple
  4474 | Temple   | Became a worshipper of Warmaster Okawaru
  4474 | Temple   | Reached * piety under Okawaru
  4474 | Temple   | Reached ** piety under Okawaru
  4548 | D:6      | Noticed Grinder
  4561 | D:6      | Killed Grinder
  4565 | D:6      | Reached skill level 9 in Maces & Flails
  4633 | D:6      | Noticed Prince Ribbit
  4655 | D:6      | Killed Prince Ribbit
  4719 | D:6      | Reached skill level 10 in Maces & Flails
  4723 | D:6      | Reached *** piety under Okawaru
  4723 | D:6      | Reached XP level 9. HP: 26/51 MP: 9/9
  4935 | D:6      | Noticed Duvessa
  4949 | D:6      | Noticed Dowan
  4979 | D:6      | Killed Dowan
  5553 | D:6      | Killed Duvessa
  5553 | D:6      | Reached skill level 11 in Maces & Flails
  5759 | D:7      | Reached skill level 1 in Armour
  5948 | D:7      | Noticed Pikel
  5949 | D:7      | Pikel changed into something unseen
  5979 | D:7      | Killed Pikel the unseen horror
  5979 | D:7      | Reached **** piety under Okawaru
  5979 | D:7      | Reached skill level 12 in Maces & Flails
  6289 | D:7      | Found Ushribloni's Food Shop.
  6340 | D:7      | Found a basalt altar of Yredelemnul.
  6482 | D:7      | Reached XP level 10. HP: 33/56 MP: 10/10
  7040 | D:7      | Noticed Harold
  7063 | D:7      | Killed Harold
  7063 | D:7      | Reached ***** piety under Okawaru
  7063 | D:7      | Reached skill level 5 in Armour
  7184 | D:8      | Found a flagged portal.
  7190 | Bailey   | Entered a bailey
  7195 | Bailey   | Noticed an orc warlord
  7280 | D:8      | Found a staircase to the Lair.
  7288 | D:8      | Reached skill level 13 in Maces & Flails
  7290 | D:8      | Found a sand-covered staircase.
  7295 | Ossuary  | Entered an ossuary
  8587 | Lair:1   | Entered Level 1 of the Lair of Beasts
  8587 | Lair:1   | Noticed an eight-headed hydra
  8728 | Lair:1   | Killed an eight-headed hydra
  8728 | Lair:1   | Received a gift from Okawaru
  8728 | Lair:1   | Reached XP level 11. HP: 22/60 MP: 11/11
  8844 | Lair:1   | Reached skill level 14 in Maces & Flails
  9187 | Lair:1   | Noticed a five-headed hydra
  9187 | Lair:1   | Noticed a four-headed hydra
  9207 | Lair:1   | Killed a five-headed hydra
  9214 | Lair:1   | Killed a four-headed hydra
  9717 | Lair:1   | Found a blossoming altar of Fedhas.
  9736 | Lair:1   | Noticed an oklob plant
 10220 | Lair:2   | Found a hole to the Spider Nest.
 10545 | Lair:2   | Reached skill level 15 in Maces & Flails
 10923 | Lair:3   | Reached ****** piety under Okawaru
 10965 | Lair:3   | HP: 1/60 [porcupine's spines (12)]
 11309 | Lair:3   | Found a frozen archway.
 11340 | IceCv    | Entered an ice cave
 11344 | IceCv    | Received a gift from Okawaru
 11376 | IceCv    | Got a slimy lajatang {god gift}
 11377 | IceCv    | Identified the +5 lajatang of the Penguin {flame, rPois rF-
                  | rC+} (Okawaru gifted it to you in an ice cave)
 11488 | IceCv    | Reached XP level 12. HP: 58/64 MP: 12/12
 11998 | IceCv    | Found an ancient bone altar of Kikubaaqudgha.
 12010 | IceCv    | Reached skill level 16 in Maces & Flails
 12045 | IceCv    | Reached skill level 10 in Armour
 12464 | IceCv    | Received a gift from Okawaru
 12495 | IceCv    | Identified a +1 pair of boots of running (Okawaru gifted it
                  | to you in an ice cave)
 12586 | IceCv    | Got a pair of polished gloves
 12587 | IceCv    | Identified the +0 pair of gloves "Zoeloriki" {rN++} (You
                  | found it in an ice cave)
 13034 | Lair:3   | Reached skill level 5 in Fighting
 13092 | Lair:3   | Noticed a catoblepas
 13127 | Lair:3   | Killed a catoblepas
 13199 | Lair:3   | Found a staircase to the Swamp.
 13254 | Lair:3   | Found a runed translucent door.
 13255 | Lair:3   | Noticed Deesahac's ghost (journeyman BaFi)
 13698 | Lair:4   | Reached XP level 13. HP: 62/78 MP: 13/13
 13951 | Lair:4   | Killed from afar by a necromancer

Levels and vault maps discovered:
D:1:      eino_arrival_cavern_b, layout_rooms
D:2:      layout_loops_ring, lemuel_blue_sif_altar, uniq_terence
D:3:      cheibrodos_fertilizer, layout_loops_corners
D:4:      layout_cave_pools, chequers_temple_overflow_minitemple, st_stairs_2
D:5:      layout_rooms, minmay_temple_entry_hall, first_ration,
          gup_sewer_entry_bubbles
D:6:      layout_cave_pools, serial_rivers, chequers_serial_rivers_small_a,
          chequers_serial_rivers_room_a, chequers_serial_rivers_micro_c,
          chequers_serial_rivers_small_a, uniq_grinder, uniq_duvessa,
          uniq_prince_ribbit1
D:7:      layout_loops_corners, lemuel_zombie_altar_yredelemnul, serial_shops,
          shop, uniq_pikel, uniq_harold
D:8:      layout_cave_pods, lair_entry_dummy, enter_bailey_3, enter_ossuary_2
Temple:   eino_temple_lava
Lair:1:   layout_small_grid, tgw_fedhas
Lair:2:   layout_cave_shapes, nicolae_spider_entry_non_spiders
Lair:3:   layout_big_grid, swamp_mist_pool, gammafunk_ghost_grave,
          portal_ice_cave_demonic_guard
Lair:4:   pond_and_an_island_with_a_cottage, layout_cave_pods,
          nicolae_quartered_pool_medium, eino_small_chamber_without_monster,
          st_stairs_9, dpeg_oklob_1

Skill      XL: |  1  2  3  4  5  6  7  8  9 10 11 12 |
---------------+-------------------------------------+-----
Maces & Flails | 4 5 6 7 10 12 13 15 16 | 16.1
Shields        | 1 2 3 4 5 7 |  7.6
Armour         | 4 7 9 10 | 10.1
Fighting       | 8 |  8.3
Dodging        | |  2.4
Stealth        | |  2.1

Action                   |  1- 3 |  4- 6 |  7- 9 | 10-12 | 13-15 || total
-------------------------+-------+-------+-------+-------+-------++-------
Melee: Mace              |    82 |   226 |   102 |       |       ||   410
       Flail             |       |       |   329 |   664 |       ||   993
       Lajatang          |       |       |       |   287 |    43 ||   330
Throw: Dart              |       |       |     2 |     1 |       ||     3
Invok: Heroism           |       |       |       |     1 |       ||     1
 Abil: Evoke Berserk Rag |       |       |       |     2 |       ||     2
Evoke: Wand              |       |     6 |     4 |    19 |       ||    29
  Use: Scroll            |       |     5 |     2 |    13 |       ||    20
       Potion            |       |     1 |     4 |     5 |       ||    10
 Stab: Sleeping          |     4 |       |     1 |       |       ||     5
       Held in net/web   |       |       |     1 |       |       ||     1
       Petrified         |       |       |       |     6 |       ||     6
       Petrifying        |       |       |       |     1 |       ||     1
  Eat: Chunk             |       |     8 |     8 |    14 |     2 ||    32
       Ration            |       |       |     1 |     3 |       ||     4
Armor: Robe              |    38 |    93 |   111 |       |       ||   242
       Chain mail        |       |       |    94 |   656 |    21 ||   771
Dodge: Dodged            |    36 |   127 |   386 |   764 |    13 ||  1326
Block: Shield            |    20 |   136 |   126 |       |       ||   282
